 Dungeon Crawl Stone Soup version 0.28.0-1-gb440e238dd (webtiles) character file.

Game seed: 11733625162169573458

12416 fragbeetle the Basher (level 11, -14/89 HPs)
             Began as a Minotaur Hunter on Feb 24, 2022.
             Was a Priest of Hepliaklqana.
             Demolished by a white ugly thing (28 damage)
             ... on level 11 of the Dungeon.
             The game lasted 00:31:29 (11130 turns).

fragbeetle the Basher (Minotaur Hunter)            Turns: 11130, Time: 00:31:29

Health: -14/89     AC: 10    Str: 19    XL:     11   Next: 62%
Magic:  10/10      EV: 11    Int:  8    God:    Hepliaklqana [***...]
Gold:   497        SH:  5    Dex: 24    Spells: 9/10 levels left

rFire   + . .      SeeInvis .   b - +6 shillelagh "Devastator" {shatter}
rCold   . . .      Faith    .   t - +0 buckler
rNeg    + + .      Spirit   .   l - +2 scale mail of the Equinox {rN++ Stlth+}
rPois   +          Reflect  .   (helmet restricted)
rElec   .          Harm     .   (no cloak)
rCorr   +          Rampage  .   (no gloves)
Will    .....                   (no boots)
Stlth   ++........              (no amulet)
HPRegen 0.24/turn               n - ring "Laer" {Fly rPois rF+ rCorr Dex+5}
MPRegen 0.12/turn               o - +6 ring of dexterity

@: flying, studying Crossbows
A: reduced essence, horns 2, retaliatory headbutt
a: Renounce Religion, Recall Ancestor, Ancestor Identity, Transference


You were on level 11 of the Dungeon.
You worshipped Hepliaklqana.
Hepliaklqana was most pleased with you.
You visited 2 branches of the dungeon, and saw 12 of its levels.
You also visited: Ossuary and Bailey.

You collected 804 gold pieces.
You spent 307 gold pieces at shops.

Inventory:

Hand Weapons
 a - a +1 hand crossbow
 b - the +6 shillelagh "Devastator" (weapon) {shatter}
   (You found it on level 2 of the Dungeon)

   It releases a powerful concussive burst when it strikes, dealing extra damage
   to the target and all other foes adjacent to them.
 V - a +3 scimitar of flaming
Missiles
 d - 105 bolts
 C - 27 poisoned darts (quivered)
 P - a curare-tipped dart
Armour
 l - the +2 scale mail of the Equinox (worn) {rN++ Stlth+}
   (You found it on level 9 of the Dungeon)

   rN:        It greatly protects you from negative energy.
   Stlth:     It makes you more stealthy.
 t - a +0 buckler (worn)
 E - a +2 leather armour of fire resistance
Jewellery
 c - a +6 ring of dexterity
 j - a ring of protection from cold
 n - the ring "Laer" (left hand) {Fly rPois rF+ rCorr Dex+5}
   (You found it on level 2 of the Dungeon)

   [ring of flight]

   Dex:       It affects your dexterity (+5).
   rF:        It protects you from fire.
   rPois:     It protects you from poison.
   Fly:       It grants you flight.
   rCorr:     It protects you from acid and corrosion.
 o - a +6 ring of dexterity (right hand)
 y - a ring of see invisible
 J - a +6 ring of intelligence
 X - a ring of protection from cold
Wands
 K - a wand of acid (6)
 M - a wand of digging (14)
 N - a wand of iceblast (3)
 Q - a wand of polymorph (17)
 T - a wand of paralysis (2)
 U - a wand of flame (10)
Scrolls
 f - 2 scrolls of fear
 k - 11 scrolls of teleportation
 m - 2 scrolls of immolation
 q - 8 scrolls of vulnerability
 r - 5 scrolls of enchant armour {unknown}
 x - 2 scrolls of enchant weapon
 B - 2 scrolls of amnesia {unknown}
 L - 2 scrolls of magic mapping {unknown}
 O - 6 scrolls of fog {unknown}
 R - 2 scrolls of torment
 Y - a scroll of identify
Potions
 e - a potion of ambrosia
 g - 5 potions of curing
 h - 8 potions of mutation
 i - 2 potions of invisibility
 p - 2 potions of magic {unknown}
 s - 3 potions of heal wounds
 u - 3 potions of brilliance
 v - 5 potions of haste
 w - 3 potions of lignification
 z - 2 potions of berserk rage
 A - 4 potions of attraction
 D - a potion of cancellation {unknown}
 F - 4 potions of resistance
 G - a potion of flight {unknown}
 I - 2 potions of might
Miscellaneous
 S - a box of beasts
 W - a phantom mirror (inert)
 Z - a condenser vane


   Skills:
 - Level 10.0 Fighting
 - Level 2.9(9.4) Axes
 - Level 13.8(14.0) Maces & Flails
 - Level 10.0 Crossbows
 - Level 10.0 Armour
 - Level 2.1 Dodging
 - Level 0.7 Stealth
 + Level 5.3 Evocations


You had 9 spell levels left.
You knew the following spells:

 Your Spells              Type           Power      Damage    Failure   Level
a - Apportation           Tloc           0%         N/A       83%         1

Your spell library contained the following spells:

 Spells                   Type           Power      Damage    Failure   Level
 Animate Skeleton         Necr           0%         N/A       83%         1
 Summon Small Mammal      Summ           0%         N/A       83%         1
 Static Discharge         Conj/Air       0%         N/A       92%         2
 Inner Flame              Hex/Fire       0%         N/A       99%         3
 Stone Arrow              Conj/Erth      0%         3d7       99%         3
 Tukima's Dance           Hex            0%         N/A       99%         3
 Animate Armour           Summ/Erth      0%         N/A       100%        4
 Cause Fear               Hex            0%         N/A       100%        4
 Olgreb's Toxic Radiance  Pois           0%         N/A       100%        4
 Passage of Golubria      Tloc           0%         N/A       100%        4
 Fireball                 Conj/Fire      0%         3d3       100%        5
 Lightning Bolt           Conj/Air       0%         1d11      100%        5
 Summon Forest            Summ/Tloc      0%         N/A       100%        5
 Summon Mana Viper        Hex/Summ       0%         N/A       100%        5
 Yara's Violent Unravell  Hex/Tmut       0%         3d3       100%        5
 Starburst                Conj/Fire      0%         6d3       100%        6
 Summon Cactus Giant      Summ           0%         N/A       100%        6
 Ozocubu's Refrigeration  Ice            0%         4d5       100%        7
 Discord                  Hex            0%         N/A       100%        8
 Ignition                 Fire           0%         3d3       100%        8
 Lehudib's Crystal Spear  Conj/Erth      0%         10d2      100%        8
 Maxwell's Capacitive Co  Air            0%         ∞         100%        8


Dungeon Overview and Level Annotations

Branches:
Dungeon (11/15)            Temple (1/1) D:7            Lair (0/6) D:8
Ossuary (visited)          Bailey (visited)
    Orc: D:9-12

Altars:
Ashenzari
Cheibriados
Dithmenos
Elyvilon
Fedhas
Gozag
Hepliaklqana
Kikubaaqudgha
Makhleb
Nemelex Xobeh
Okawaru
Qazlal
Ru
Sif Muna
Trog
Uskayaw
Vehumet
Wu Jian
Xom
Yredelemnul
Zin
The Shining One

Shops:
D:2 [[[!*   D:7 !   D:10 *

Annotations:
D:2 1 runed translucent door, Crazy Yiuf
D:5 Dowan, Duvessa


Innate Abilities, Weirdness & Mutations

Your life essence is reduced to manifest your ancestor. (-10% HP)
You have a pair of horns on your head.
You reflexively headbutt those who attack you in melee.


Message History

The seven-headed hydra completely misses Buttercup.
The seven-headed hydra bites Buttercup but does no damage.
Buttercup blocks the seven-headed hydra's attack.
The seven-headed hydra bites Buttercup.
The seven-headed hydra bites Buttercup!
Buttercup hits the seven-headed hydra with a +0 flail!
The seven-headed hydra bites Buttercup. x2
The seven-headed hydra closely misses Buttercup.
The seven-headed hydra bites Buttercup but does no damage.
The seven-headed hydra barely misses Buttercup.
Buttercup blocks the seven-headed hydra's attack. x2
Buttercup hits the seven-headed hydra with a +0 flail!
The seven-headed hydra dies!
Your Evocations skill increases to level 5!
F - 4 potions of resistance (gained 1)
A white ugly thing comes into view.
The white ugly thing gurgles horribly!
You reach down and open the door.
Really attack near your ally Buttercup?
You closely miss the white ugly thing.
Buttercup hits the white ugly thing with a +0 flail.
Really attack near your ally Buttercup?
You hit the white ugly thing. Buttercup avoids your attack.
The white ugly thing shudders.
The white ugly thing is moderately wounded.
Buttercup avoids your attack.
You headbutt the white ugly thing!
The white ugly thing is heavily wounded.
The white ugly thing trunk-slaps you! The white ugly thing freezes you!!
Buttercup hits the white ugly thing with a +0 flail.
Really attack near your ally Buttercup?
You completely miss the white ugly thing.
You headbutt the white ugly thing, but do no damage.
The white ugly thing is heavily wounded.
The white ugly thing trunk-slaps you. The white ugly thing freezes you!!
* * * LOW HITPOINT WARNING * * *
You swap places.
Buttercup hits the white ugly thing with a +0 flail!
The white ugly thing trunk-slaps you!
* * * LOW HITPOINT WARNING * * *
The white ugly thing freezes you!!
You die...

### ..# ## #.# ##
.^#.# .. ###.#.# .#
#.# ..##.#
#####.###u'..#
#.......@R#
##.....####
#####....###
#.......# #.#####.#
########## #. #...#
#....(...## #. #.#.#
#.......... ..
...#.###........##
###.###>'.#........#


You could see the friendly Buttercup the knight and a white ugly thing (ally
target).

Vanquished Creatures
  Snorg (D:10)
  2 vault guards (Bailey)
  A two-headed ogre (D:10)
  Pikel (D:3)
  A black mamba (shapeshifter) (D:10)
  Maggie (D:10)
  Prince Ribbit (Bailey)
  A hornet (D:8)
  Sigmund (D:3)
  2 vampires
  4 wyverns
  Eustachio (D:5)
  3 basilisks (D:8)
  3 yaks (D:9)
  4 humans (Bailey)
  A steam dragon (D:6)
  Edmund (D:4)
  3 water moccasins (D:8)
  An orc warrior (Bailey)
  A black bear (D:8)
  A hornet zombie (D:7)
  2 ice beasts (D:7)
  An ogre (D:6)
  2 wolves (D:8)
  4 centaurs
  2 phantoms (D:5)
  A lemure (D:4)
  4 kobold brigands
  12 bullfrogs
  Blork the orc (D:4)
  3 water moccasin zombies
  3 scorpions
  2 gnoll sergeants
  4 wights
  2 howler monkeys
  2 centaur zombies
  3 hounds
  3 bullfrog skeletons
  Jessica (D:3)
  2 iguanas
  5 orc wizards
  A killer bee zombie (D:8)
  3 mummies
  Robin (D:3)
  A howler monkey zombie (D:10)
  8 adders
  6 gnolls
  A white imp (D:7)
  2 ufetubi
  4 adder zombies (Ossuary)
  A worm (D:2)
  2 dart slugs (D:3)
  10 orcs
  7 endoplasms
  3 giant cockroaches
  4 gnoll zombies (Ossuary)
  27 goblins
  13 hobgoblins
  4 jackals (D:5)
  5 quokkas
  11 ball pythons
  6 bats
  A frilled lizard (D:1)
  3 hobgoblin zombies (Ossuary)
  31 kobolds
  7 kobold zombies
  9 orc zombies
  A rat (D:1)
266 creatures vanquished.

Vanquished Creatures (collateral kills)
  A hydra (D:11)
  Erica (D:10)
  An orc warrior (D:9)
3 creatures vanquished.

Vanquished Creatures (others)
  2 knights
  A fungus (D:8)
  2 plants (D:8)
5 creatures vanquished.

Grand Total: 274 creatures vanquished

Notes
Turn   | Place    | Note
-------+----------+-------------------------------------------
     0 | D:1      | fragbeetle the Minotaur Hunter began the quest for the Orb.
     0 | D:1      | Reached XP level 1. HP: 18/18 MP: 0/0
   403 | D:1      | Reached XP level 2. HP: 25/25 MP: 1/1
   419 | D:1      | Reached skill level 5 in Crossbows
   867 | D:2      | Reached XP level 3. HP: 30/30 MP: 2/2
   915 | D:2      | Found Upsub's Distillery.
   929 | D:2      | Bought a potion of curing for 42 gold pieces
   929 | D:2      | Bought a potion of degeneration for 14 gold pieces
  1008 | D:2      | Reached skill level 1 in Axes
  1206 | D:2      | Identified the ring "Laer" {Fly rPois rF+ rCorr Dex+5}
  1413 | D:2      | Reached XP level 4. HP: 37/37 MP: 3/3
  1495 | D:2      | Found Latwofav's Armour Shop.
  1497 | D:2      | Found Uviripn's Antique Armour Emporium.
  1516 | D:2      | Found Hakhioxt's Antique Armour Shop.
  1550 | D:2      | Found Vuhuib's General Store.
  1555 | D:2      | Bought a scroll of noise for 10 gold pieces
  1624 | D:2      | Found the +6 shillelagh "Devastator" {shatter}
  1635 | D:2      | Found a runed translucent door.
  1636 | D:2      | Noticed Crazy Yiuf
  1906 | D:3      | Noticed Jessica
  1911 | D:3      | Killed Jessica
  1912 | D:3      | Reached skill level 2 in Maces & Flails
  1917 | D:3      | Reached skill level 3 in Maces & Flails
  1917 | D:3      | Reached XP level 5. HP: 35/42 MP: 4/4
  2080 | D:3      | Noticed Robin
  2095 | D:3      | Killed Robin
  2096 | D:3      | Reached skill level 4 in Maces & Flails
  2126 | D:3      | Found a shadowy altar of Dithmenos.
  2249 | D:3      | Noticed Sigmund
  2255 | D:3      | Killed Sigmund
  2256 | D:3      | Reached skill level 6 in Maces & Flails
  2256 | D:3      | Reached XP level 6. HP: 50/50 MP: 5/5
  2822 | D:4      | Noticed Edmund
  2915 | D:4      | Noticed Pikel
  2957 | D:3      | HP: 1/50 [bullfrog (7)]
  2961 | D:3      | Reached skill level 7 in Maces & Flails
  3268 | D:3      | Killed Pikel
  3269 | D:3      | Reached skill level 9 in Maces & Flails
  3269 | D:3      | Reached XP level 7. HP: 42/56 MP: 6/6
  3318 | D:4      | Found a sand-covered staircase.
  3337 | Ossuary  | Entered an ossuary
  3362 | Ossuary  | Reached skill level 10 in Maces & Flails
  3362 | Ossuary  | Reached XP level 8. HP: 59/62 MP: 7/7
  3696 | D:4      | Reached skill level 11 in Maces & Flails
  3703 | D:4      | Killed Edmund
  3952 | D:4      | Noticed Blork the orc
  3961 | D:4      | Killed Blork the orc
  4256 | D:5      | Entered Level 5 of the Dungeon
  4313 | D:5      | Reached skill level 12 in Maces & Flails
  4553 | D:5      | Noticed Duvessa
  4688 | D:5      | Noticed Eustachio
  4699 | D:5      | Killed Eustachio
  4700 | D:5      | Reached XP level 9. HP: 57/68 MP: 8/8
  4837 | D:5      | Reached skill level 13 in Maces & Flails
  4975 | D:5      | Found a hazy altar of Hepliaklqana.
  4983 | D:5      | Became a worshipper of Hepliaklqana the Forgotten
  5394 | D:5      | Noticed Dowan
  5421 | D:6      | Found an iron altar of Okawaru.
  5546 | D:6      | Found a radiant altar of Vehumet.
  5724 | D:6      | Found a blossoming altar of Fedhas.
  6070 | D:7      | Found a staircase to the Ecumenical Temple.
  6103 | Temple   | Entered the Ecumenical Temple
  6378 | D:7      | Reached * piety under Hepliaklqana
  6867 | D:7      | Found a basalt altar of Yredelemnul.
  6870 | D:7      | Found a snail-covered altar of Cheibriados.
  6943 | D:7      | Reached skill level 5 in Fighting
  6956 | D:7      | Found Imperux's Distillery.
  6978 | D:7      | Bought a potion of might for 52 gold pieces
  7228 | D:8      | Learned a level 1 spell: Apportation
  7233 | D:8      | Noticed a +0 hand axe
  7234 | D:8      | Found a hide-covered altar of Uskayaw.
  7234 | D:8      | Noticed a +0 dagger
  7275 | D:8      | Reached XP level 10. HP: 46/81 MP: 9/9
  7538 | D:8      | Found a staircase to the Lair.
  7701 | D:8      | Reached skill level 10 in Fighting
  7731 | D:8      | Paralysed by a hornet for 2 turns
  7958 | D:8      | Reached ** piety under Hepliaklqana
  7959 | D:8      | Remembered your ancestor Buttercup as a knight
  8248 | D:9      | Identified the +2 scale mail of the Equinox {rN++ Stlth+}
  8263 | D:9      | Noticed a two-headed ogre
  8431 | D:9      | You are sucked into a shaft and drop 1 floor!
  8431 | D:10     | Entered Level 10 of the Dungeon
  8571 | D:9      | Found a flagged portal.
  8739 | Bailey   | Entered a bailey
  8857 | Bailey   | Reached skill level 10 in Crossbows
  8857 | Bailey   | Reached skill level 1 in Armour
  8902 | Bailey   | Noticed Prince Ribbit
  8907 | Bailey   | Killed Prince Ribbit
  8909 | Bailey   | Reached skill level 5 in Armour
  8912 | Bailey   | Noticed a vault guard
  8920 | Bailey   | Killed a vault guard
  9003 | Bailey   | Noticed a vault guard
  9010 | Bailey   | Killed a vault guard
  9011 | Bailey   | Reached XP level 11. HP: 47/89 MP: 10/10
  9949 | D:10     | Noticed Erica
  9954 | D:10     | Killed Erica
 10066 | D:10     | Found a shimmering blue altar of Sif Muna.
 10066 | D:10     | Reached *** piety under Hepliaklqana
 10076 | D:10     | Noticed Maggie
 10083 | D:10     | Killed Maggie
 10086 | D:10     | Reached skill level 10 in Armour
 10086 | D:10     | Reached skill level 1 in Evocations
 10362 | D:10     | Found Qaficairch's Assorted Antiques.
 10374 | D:10     | Bought a scroll of identify for 54 gold pieces
 10374 | D:10     | Bought a scroll of identify for 54 gold pieces
 10374 | D:10     | Bought a scroll of identify for 54 gold pieces
 10374 | D:10     | Bought a scroll labelled PUZITO VAULL for 27 gold pieces
 10381 | D:10     | Noticed a two-headed ogre
 10387 | D:10     | Killed a two-headed ogre
 10426 | D:10     | Found a bloodstained altar of Trog.
 10426 | D:10     | Found an opulent altar of Gozag.
 10510 | D:10     | Noticed Snorg
 10523 | D:10     | Killed Snorg
 11109 | D:11     | Noticed a seven-headed hydra
 11114 | D:11     | Killed a seven-headed hydra
 11115 | D:11     | Reached skill level 5 in Evocations
 11125 | D:11     | Noticed a white ugly thing
 11130 | D:11     | Demolished by a white ugly thing

Illustrated notes

Levels and vault maps discovered:
D:1:      eino_arrival_tree_alley, layout_rooms, kennysheep_nondescript
D:2:      layout_loops_ring, serial_shops, nicolae_shop_advertising_works
          [nicolae_subvault_shop_adworks], nicolae_shop_statue_plus,
          nicolae_shop_statue_plus, shop_fountains, shop,
          minmay_goblin_kobold_house, uniq_crazy_yiuf_cottage
D:3:      layout_loops_ring, grunt_dithmenos_smoke_and_mirrors, uniq_robin,
          uniq_jessica, uniq_sigmund
D:4:      layout_rooms, enter_ossuary_2, minmay_manual_moon, uniq_blork_the_orc,
          uniq_pikel, uniq_edmund
D:5:      layout_layer_cave, lemuel_coloured_pillars_altar, uniq_eustachio,
          uniq_duvessa
D:6:      cheibrodos_quashed, layout_basic, mainiacjoe_overflow_catch_the_wave,
          fedhas_altar_3
D:7:      layout_basic, nicolae_overflow_hidden_temple, temple_statues,
          serial_shops, shop_fountains, serial_glass, glass_columns_c,
          glass_columns_b, feat_on_display, due_unseen_surprise,
          item_on_display_a, minmay_strange_pillars, minmay_mini_ossuary
D:8:      layout_basic, dancing_weapons_uskayaw, minmay_lair_entry_grove
D:9:      layout_gridville, enter_bailey_3
D:10:     layout_long_grid, overflow_temple_1_default,
          gammafunk_temple_overflow_wave, serial_shops,
          nicolae_shop_overgrown_old_shop, eino_curves_01, uniq_snorg,
          uniq_maggie, uniq_erica
D:11:     layout_roguey
Temple:   minmay_temple_curvy_loop

Skill      XL: |  1  2  3  4  5  6  7  8  9 10 11 |
---------------+----------------------------------+-----
Crossbows      | 5 10 | 10.0
Axes           | 2 |  2.9
Maces & Flails | 3 6 9 10 12 13 | 13.8
Fighting       | 9 10 | 10.0
Armour         | 7 10 | 10.0
Evocations     | 5 |  5.3
Dodging        | |  2.1
Stealth        | |  0.7

Action                   |  1- 3 |  4- 6 |  7- 9 | 10-12 || total
-------------------------+-------+-------+-------+-------++-------
Melee: Short sword       |    72 |       |       |       ||    72
       Headbutt          |    15 |     3 |    22 |    28 ||    68
       Punch             |     2 |       |       |       ||     2
       Hand axe          |    35 |     3 |       |       ||    38
       Shillelagh        |       |    50 |   144 |   125 ||   319
 Fire: Hand crossbow     |     2 |       |       |     6 ||     8
Throw: Dart              |       |       |       |     1 ||     1
Invok: Ancestor Identity |       |       |     1 |       ||     1
       Recall Ancestor   |       |       |       |     1 ||     1
       Ancestor Life: Kn |       |       |       |     1 ||     1
Evoke: Wand              |       |       |     1 |     8 ||     9
       Phantom mirror    |       |       |       |     1 ||     1
  Use: Scroll            |       |       |       |    14 ||    14
       Potion            |       |       |       |     1 ||     1
 Stab: Sleeping          |     1 |     3 |     2 |       ||     6
       Distracted        |       |       |       |     3 ||     3
Armor: Ring mail         |    40 |    12 |     3 |       ||    55
       Leather armour    |     6 |       |     4 |     8 ||    18
       Scale mail        |       |       |       |    10 ||    10
Dodge: Dodged            |    75 |    25 |    43 |    56 ||   199
Block: Buckler           |       |     2 |    10 |    24 ||    36
